Login

Wuhan Clan vs Finger Badgers

Created - February 4, 2024 at 12:07

Goals
1 2 3 T
Wuhan Clan 2 1 3 6
Finger Badgers 2 1 0 3
Shots
1 2 3 T
Wuhan Clan 8 10 19 37
Finger Badgers 17 4 5 26

GoalsPenalties
1st period
1. Wuhan Clan , Blake Coleman 6 (Jesperi Kotkaniemi 9, Aaron Ekblad 21) at 1:46
2. Finger Badgers , Anders Lee 11 (Pierre-Luc Dubois 15) at 3:56
3. Finger Badgers , Anders Lee 12 (Douche Larouche 26) at 7:11
4. Wuhan Clan , Adam Lowry 8 (Dougie Hamilton 20, Travis Dermott 2) at 11:54 (PP)
Kevin Labanc (WUH) for Unsportsmanlike conduct (Minor) at 7:16
Yanni Gourde (DFB) for Holding (Minor) at 11:00
Neal Pionk (DFB) for Boarding (Minor) at 12:57
2nd period
5. Finger Badgers , Josh Anderson 13 (Nicolas Hague 7, Yanni Gourde 7) at 1:05
6. Wuhan Clan , Connor Clifton 3 (Adam Lowry 11, Tomas Tatar 11) at 15:48 (PP)
Travis Dermott (WUH) for Hooking (Minor) at 1:26
Tom Wilson (DFB) for Hooking (Minor) at 5:43
Neal Pionk (DFB) for Holding (Minor) at 14:03
3rd period
7. Wuhan Clan , Trevor Zegras 10 (Elias Pettersson 15) at 0:46
8. Wuhan Clan , Adam Lowry 9 (Aaron Ekblad 22, David Krejci 6) at 7:21 (PP)
9. Wuhan Clan , Dougie Hamilton 3 (David Krejci 7, Adam Lowry 12) at 11:49 (PP)
Neal Pionk (DFB) for Hooking (Minor) at 6:57
Brayden McNabb (DFB) for Unsportsmanlike conduct (Minor) at 10:21
Goalie Stats
Jacob Markstrom (WUH), 23 saves from 26 shots - (0.885), W, 12-23-6, 60:00 minutes
Tristan Jarry (DFB), 31 saves from 37 shots - (0.838), L, 12-26-6, 60:00 minutes
3 StarsOfficial
1 - Adam Lowry (WUH)
2 - Anders Lee (DFB)
3 - Connor Clifton (WUH)
Referees : Unknown
Linesman : Unknown
Game Note
No Game Note
Finance
Level 1 -- Attendance: 4753 (79.22%) -- Ticket Income $470,547
Level 2 -- Attendance: 3233 (64.66%) -- Ticket Income $223,077
Level 3 -- Attendance: 1015 (50.75%) -- Ticket Income $49,735
Level 4 -- Attendance: 2372 (59.30%) -- Ticket Income $68,788
Luxury Box -- Attendance: 1000 (100.00%) -- Ticket Income $199,000
Game was played at the Anal Pouch.
Total Attendance: 12373 (68.74%)
Total Ticket Income: $1,011,147
Other Income: $404,459
Total Income: $1,415,606



Team Name Goals Shots Shots Attemp Shots Blocked PIM HIT PP PK FO%
Wuhan Clan 6378494174 / 6 (67%)054%
Finger Badgers 326591412260 / 2 (0%)446%

Wuhan Clan
Player Name POS G A P +/- PIM HIT SHT SB MP PP MP PP SHT PK MP PK SHT FO% FOT
Aaron EkbladD0221013423:504:2822:2100% 0
Adam LowryC224-1036018:194:4541:53059% 27
Blake ColemanRW101000108:290:4000:0000% 0
Chu KockRW0001013018:153:0400:0000% 1
Connor CliftonD1011032123:364:2812:0700% 0
David KrejciC/LW022-1004018:194:4501:5300% 0
Dougie HamiltonD112-1012019:354:0111:5110% 0
Elias PetterssonC0111005020:203:0402:05074% 31
Gabriel CarlssonD000-1010117:500:0001:0100% 0
Jacob LarssonD000-1030116:490:0000:0000% 0
Jason DickinsonC/LW000-1021013:320:4010:0000% 1
Jesperi KotkaniemiC/LW011000108:290:4000:0000% 0
Kevin LabancRW000-1211012:510:0000:0000% 0
Michael RasmussenC/LW000000007:490:0000:00036% 14
Tomas TatarLW/RW011-1004016:264:4500:0000% 0
Travis DermottD011-1202218:194:0100:3600% 0
Trevor ZegrasC/LW1011012020:203:0412:0500% 0
Wyatt JohnstonC000-1000012:520:0000:00023% 13
Finger Badgers
Player Name POS G A P +/- PIM HIT SHT SB MP PP MP PP SHT PK MP PK SHT FO% FOT
Anders LeeLW2021015021:091:4704:460100% 2
Andrei KuzmenkoRW0001002016:231:4700:0000% 1
Brayden McNabbD0001220219:561:4703:5200% 0
Douche LaroucheD0112024025:181:4724:4700% 0
Eeli TolvanenLW/RW0000000011:420:0000:000100% 1
Erik JohnsonD0000030320:570:0003:2200% 0
Henri JokiharjuD0000010317:540:0002:5300% 0
Josh AndersonLW/RW1010002013:592:1110:06033% 3
Marcus FolignoLW000002118:320:0000:0000% 0
Max PaciorettyLW0000002018:212:1103:270100% 1
Neal PionkD000-1660318:002:1102:0400% 0
Nicolas HagueD0110003117:512:1110:0000% 0
Pierre-Luc DuboisC/LW/RW0111032021:191:4704:56047% 30
Ryan HartmanC/RW0000020015:322:1100:38035% 20
Ryan JohansenC/RW000000208:320:0000:00050% 14
Tanner JeannotLW/RW000000008:320:0000:0000% 0
Tom WilsonRW0000242012:420:0000:0000% 2
Yanni GourdeC/RW0110201114:460:0003:05054% 13

Wuhan Clan

5 vs 5 Forward
Line #Left WingCenterRight WingPHYDFOFWanted %Time %Time Play
1Trevor ZegrasElias PetterssonChu Kock1223032%15:11
2David KrejciAdam LowryTomas Tatar1222825%11:41
3Jason DickinsonWyatt JohnstonKevin Labanc1222627%12:52
4Jesperi KotkaniemiMichael RasmussenBlake Coleman1221616%7:49
5 vs 5 Defense
Line #DefenseDefensePHYDFOFWanted %Time %Time Play
1Aaron EkbladConnor Clifton1223025%12:03
2Dougie HamiltonTravis Dermott1222829%13:43
3Gabriel CarlssonJacob Larsson1222635%16:49
4Aaron EkbladConnor Clifton1221610%4:58
Power Play Forward
Line #Left WingCenterRight WingPHYDFOFWanted %Time %Time Play
1Trevor ZegrasElias PetterssonChu Kock1225536%3:04
2David KrejciAdam LowryTomas Tatar1224564%5:25
Power Play Defense
Line #DefenseDefensePHYDFOFWanted %Time %Time Play
1Aaron EkbladConnor Clifton1225553%4:28
2Dougie HamiltonTravis Dermott1224547%4:01
Penalty Kill 4 Players Forward
Line #CenterWingPHYDFOFWanted %Time %Time Play
1Elias PetterssonTrevor Zegras1225553%2:05
2Adam LowryDavid Krejci1224547%1:53
Penalty Kill 4 Players Defense
Line #DefenseDefensePHYDFOFWanted %Time %Time Play
1Aaron EkbladConnor Clifton1225553%2:07
2Dougie HamiltonTravis Dermott1224547%1:51
Penalty Kill 3 Players
Line #WingPHYDFOFWanted %Time %Time PlayDefenseDefensePHYDFOFWanted %Time %Time Play
1Elias Pettersson122550%0:00 Aaron EkbladConnor Clifton122550%0:00
2Adam Lowry122450%0:00 Dougie HamiltonTravis Dermott122450%0:00
4 vs 4 Forward
Line #CenterWingPHYDFOFWanted %Time %Time Play
1Elias PetterssonTrevor Zegras122550%0:00
2Adam LowryDavid Krejci122450%0:00
4 vs 4 Defense
Line #DefensePHYDFOFWanted %Time %Time Play
1Aaron EkbladConnor Clifton122550%0:00
2Dougie HamiltonTravis Dermott122450%0:00
Last Minutes Offensive
Left WingCenterRight WingDefenseDefense
Trevor ZegrasElias PetterssonChu KockAaron EkbladConnor Clifton
Last Minutes Defensive
Left WingCenterRight WingDefenseDefense
Trevor ZegrasElias PetterssonChu KockAaron EkbladConnor Clifton
Time
Total ForwardTotal DefenseLast Minutes OffensiveLast Minutes Defensive
60:00 60:00 0:000:00
Extra Forwards
Normal PowerPlayPenalty Kill
David Krejci, Tomas Tatar, Jason DickinsonDavid Krejci, Tomas TatarDavid Krejci
Extra Defensemen
Normal PowerPlayPenalty Kill
Travis Dermott, Gabriel Carlsson, Jacob LarssonTravis Dermott, Travis DermottGabriel Carlsson
Penalty Shots
Elias Pettersson, Trevor Zegras, Adam Lowry, Chu Kock, David Krejci
Goalie
Jacob Markstrom, James Reimer
Custom OT Lines Forwards
Elias Pettersson, Trevor Zegras, Adam Lowry, Chu Kock, David Krejci, Tomas Tatar, Jason Dickinson, Michael Rasmussen, Jesperi Kotkaniemi, Wyatt Johnston
Custom OT Lines Defensemen
Aaron Ekblad, Connor Clifton, Dougie Hamilton, Travis Dermott, Gabriel Carlsson
Scratches
Mark Borowiecki (Left Hand Injury), Jack Quinn (Healthy), Alexander Nylander (Healthy)

Finger Badgers

5 vs 5 Forward
Line #Left WingCenterRight WingPHYDFOFWanted %Time %Time Play
1Anders LeePierre-Luc DuboisAndrei Kuzmenko1223031%14:36
2Max PaciorettyRyan HartmanTom Wilson1222827%12:43
3Eeli TolvanenYanni GourdeJosh Anderson1222625%11:42
4Marcus FolignoRyan JohansenTanner Jeannot1221618%8:32
5 vs 5 Defense
Line #DefenseDefensePHYDFOFWanted %Time %Time Play
1Brayden McNabbDouche Larouche1223030%14:18
2Erik JohnsonNeal Pionk1222829%13:48
3Nicolas HagueHenri Jokiharju1222632%15:01
4Erik JohnsonDouche Larouche122169%4:26
Power Play Forward
Line #Left WingCenterRight WingPHYDFOFWanted %Time %Time Play
1Anders LeePierre-Luc DuboisAndrei Kuzmenko1225545%1:47
2Max PaciorettyRyan HartmanJosh Anderson1224555%2:11
Power Play Defense
Line #DefenseDefensePHYDFOFWanted %Time %Time Play
1Brayden McNabbDouche Larouche1225545%1:47
2Nicolas HagueNeal Pionk1224555%2:11
Penalty Kill 4 Players Forward
Line #CenterWingPHYDFOFWanted %Time %Time Play
1Pierre-Luc DuboisAnders Lee1225559%5:02
2Yanni GourdeMax Pacioretty1224541%3:27
Penalty Kill 4 Players Defense
Line #DefenseDefensePHYDFOFWanted %Time %Time Play
1Brayden McNabbDouche Larouche1225553%4:28
2Erik JohnsonNeal Pionk1224547%4:01
Penalty Kill 3 Players
Line #WingPHYDFOFWanted %Time %Time PlayDefenseDefensePHYDFOFWanted %Time %Time Play
1Pierre-Luc Dubois122550%0:00 Brayden McNabbDouche Larouche122550%0:00
2Yanni Gourde122450%0:00 Erik JohnsonNeal Pionk122450%0:00
4 vs 4 Forward
Line #CenterWingPHYDFOFWanted %Time %Time Play
1Pierre-Luc DuboisAndrei Kuzmenko122550%0:00
2Ryan HartmanMax Pacioretty122450%0:00
4 vs 4 Defense
Line #DefensePHYDFOFWanted %Time %Time Play
1Brayden McNabbDouche Larouche122550%0:00
2Erik JohnsonNeal Pionk122450%0:00
Last Minutes Offensive
Left WingCenterRight WingDefenseDefense
Anders LeePierre-Luc DuboisTom WilsonDouche LaroucheNeal Pionk
Last Minutes Defensive
Left WingCenterRight WingDefenseDefense
Anders LeePierre-Luc DuboisJosh AndersonDouche LaroucheBrayden McNabb
Time
Total ForwardTotal DefenseLast Minutes OffensiveLast Minutes Defensive
60:00 60:00 0:000:00
Extra Forwards
Normal PowerPlayPenalty Kill
Max Pacioretty, Eeli Tolvanen, Ryan HartmanMax Pacioretty, Eeli TolvanenRyan Hartman
Extra Defensemen
Normal PowerPlayPenalty Kill
Nicolas Hague, Erik Johnson, Henri JokiharjuHenri Jokiharju, Erik JohnsonHenri Jokiharju
Penalty Shots
Pierre-Luc Dubois, Josh Anderson, Anders Lee, Max Pacioretty, Tom Wilson
Goalie
Tristan Jarry, Joey Daccord
Custom OT Lines Forwards
Pierre-Luc Dubois, Andrei Kuzmenko, Anders Lee, Ryan Hartman, Tom Wilson, Max Pacioretty, Yanni Gourde, Josh Anderson, Eeli Tolvanen, Ryan Johansen
Custom OT Lines Defensemen
Douche Larouche, Brayden McNabb, Neal Pionk, Erik Johnson, Nicolas Hague
Scratches
Johnathan Kovacevic (Healthy), Jacob Peterson (Healthy), Luke Kunin (Healthy)


Play-by-Play

1st period


0:01 of 1st period - Elias Pettersson wins face-off versus Pierre-Luc Dubois in neutral zone.
0:01 of 1st period - Elias Pettersson is hit by Anders Lee.
0:05 of 1st period - Douche Larouche is hit by Trevor Zegras and loses puck.
0:09 of 1st period - Brayden McNabb is hit by Chu Kock.
0:14 of 1st period - Anders Lee is hit by Aaron Ekblad and loses puck.
0:17 of 1st period - Shot by Douche Larouche.
0:17 of 1st period - Stopped by Jacob Markstrom without a rebound.
0:18 of 1st period - Adam Lowry wins face-off versus Tom Wilson in Wuhan Clan zone.
0:18 of 1st period - Adam Lowry is hit by Tom Wilson.
0:35 of 1st period - Shot by Tom Wilson.
0:35 of 1st period - Stopped by Jacob Markstrom without a rebound.
0:36 of 1st period - Yanni Gourde wins face-off versus Wyatt Johnston in Wuhan Clan zone.
0:51 of 1st period - Josh Anderson is hit by Jason Dickinson.
1:46 of 1st period - Shot by Blake Coleman.
1:46 of 1st period - Goal by Blake Coleman - Wuhan Clan : 1 - Finger Badgers : 0.
1:47 of 1st period - Ryan Johansen wins face-off versus Elias Pettersson in neutral zone.
2:14 of 1st period - Shot by Ryan Johansen.
2:14 of 1st period - Stopped by Jacob Markstrom without a rebound.
2:15 of 1st period - Adam Lowry wins face-off versus Pierre-Luc Dubois in Wuhan Clan zone.
2:15 of 1st period - Adam Lowry is hit by Pierre-Luc Dubois.
2:24 of 1st period - Off-side.
2:25 of 1st period - Ryan Hartman wins face-off versus Michael Rasmussen in neutral zone.
3:38 of 1st period - Shot by David Krejci.
3:38 of 1st period - Shot Misses the Net.
3:46 of 1st period - Shot by Pierre-Luc Dubois.
3:46 of 1st period - Stopped by Jacob Markstrom with a rebound.
3:48 of 1st period - Shot by Douche Larouche.
3:48 of 1st period - Stopped by Jacob Markstrom with a rebound.
3:56 of 1st period - Shot by Anders Lee.
3:56 of 1st period - Goal by Anders Lee - Wuhan Clan : 1 - Finger Badgers : 1.
3:57 of 1st period - Elias Pettersson wins face-off versus Ryan Johansen in neutral zone.
5:40 of 1st period - Shot by Andrei Kuzmenko.
5:40 of 1st period - Stopped by Jacob Markstrom without a rebound.
5:41 of 1st period - Adam Lowry wins face-off versus Pierre-Luc Dubois in Wuhan Clan zone.
5:48 of 1st period - Shot by Travis Dermott.
5:48 of 1st period - Shot Blocked by Erik Johnson.
5:50 of 1st period - Shot by Travis Dermott.
5:50 of 1st period - Shot Misses the Net.
5:52 of 1st period - Shot by Adam Lowry.
5:52 of 1st period - Stopped by Tristan Jarry without a rebound.
5:53 of 1st period - Michael Rasmussen wins face-off versus Ryan Hartman in Finger Badgers zone.
6:31 of 1st period - Henri Jokiharju is hit by Dougie Hamilton and loses puck.
6:39 of 1st period - Icing by Travis Dermott.
6:40 of 1st period - Pierre-Luc Dubois wins face-off versus Michael Rasmussen in Wuhan Clan zone.
6:53 of 1st period - Shot by Anders Lee.
6:53 of 1st period - Shot Blocked by Travis Dermott.
7:02 of 1st period - Dougie Hamilton is hit by Erik Johnson and loses puck.
7:11 of 1st period - Shot by Anders Lee.
7:11 of 1st period - Goal by Anders Lee - Wuhan Clan : 1 - Finger Badgers : 2.
7:12 of 1st period - Wyatt Johnston wins face-off versus Ryan Johansen in neutral zone.
7:16 of 1st period - Minor Penalty to Kevin Labanc for Unsportsmanlike conduct.
7:17 of 1st period - Ryan Hartman wins face-off versus Elias Pettersson in Wuhan Clan zone.
7:44 of 1st period - Shot by Ryan Hartman.
7:44 of 1st period - Deflect By Josh Anderson.
7:44 of 1st period - Stopped by Jacob Markstrom with a rebound.
7:46 of 1st period - Shot by Nicolas Hague.
7:46 of 1st period - Stopped by Jacob Markstrom without a rebound.
7:47 of 1st period - Pierre-Luc Dubois wins face-off versus Elias Pettersson in Wuhan Clan zone.
7:50 of 1st period - Shot by Pierre-Luc Dubois.
7:50 of 1st period - Shot Blocked by Aaron Ekblad.
8:02 of 1st period - Shot by Anders Lee.
8:02 of 1st period - Shot Blocked by Aaron Ekblad.
8:04 of 1st period - Shot by Douche Larouche.
8:04 of 1st period - Stopped by Jacob Markstrom with a rebound.
8:06 of 1st period - Shot by Douche Larouche.
8:06 of 1st period - Shot Misses the Net.
8:22 of 1st period - Shot by Douche Larouche.
8:22 of 1st period - Shot Misses the Net.
8:24 of 1st period - Shot by Douche Larouche.
8:24 of 1st period - Stopped by Jacob Markstrom without a rebound.
8:25 of 1st period - Elias Pettersson wins face-off versus Josh Anderson in Wuhan Clan zone.
8:50 of 1st period - Shot by Nicolas Hague.
8:50 of 1st period - Shot Misses the Net.
9:34 of 1st period - Shot by Jason Dickinson.
9:34 of 1st period - Shot Misses the Net.
9:42 of 1st period - Shot by Ryan Johansen.
9:42 of 1st period - Stopped by Jacob Markstrom with a rebound.
9:44 of 1st period - Shot by Tanner Jeannot.
9:44 of 1st period - Shot Misses the Net.
10:06 of 1st period - Shot by Andrei Kuzmenko.
10:06 of 1st period - Shot Misses the Net.
10:38 of 1st period - Icing by Jason Dickinson.
10:39 of 1st period - Yanni Gourde wins face-off versus Wyatt Johnston in Wuhan Clan zone.
10:57 of 1st period - Shot by Brayden McNabb.
10:57 of 1st period - Shot Misses the Net.
11:00 of 1st period - Minor Penalty to Yanni Gourde for Holding.
11:01 of 1st period - Elias Pettersson wins face-off versus Pierre-Luc Dubois in Finger Badgers zone.
11:30 of 1st period - Shot by Trevor Zegras.
11:30 of 1st period - Shot Blocked by Erik Johnson.
11:32 of 1st period - Shot by Aaron Ekblad.
11:32 of 1st period - Stopped by Tristan Jarry without a rebound.
11:33 of 1st period - Ryan Hartman wins face-off versus Adam Lowry in Finger Badgers zone.
11:54 of 1st period - Shot by Adam Lowry.
11:54 of 1st period - Goal by Adam Lowry - Wuhan Clan : 2 - Finger Badgers : 2.
11:55 of 1st period - Michael Rasmussen wins face-off versus Josh Anderson in neutral zone.
12:46 of 1st period - Shot by Tomas Tatar.
12:46 of 1st period - Stopped by Tristan Jarry without a rebound.
12:47 of 1st period - Elias Pettersson wins face-off versus Tom Wilson in Finger Badgers zone.
12:47 of 1st period - Travis Dermott is hit by Neal Pionk.
12:51 of 1st period - Shot by Elias Pettersson.
12:51 of 1st period - Stopped by Tristan Jarry without a rebound.
12:52 of 1st period - Adam Lowry wins face-off versus Ryan Hartman in Finger Badgers zone.
12:52 of 1st period - Adam Lowry is hit by Erik Johnson.
12:57 of 1st period - Minor Penalty to Neal Pionk for Boarding.
12:58 of 1st period - Elias Pettersson wins face-off versus Pierre-Luc Dubois in Finger Badgers zone.
15:16 of 1st period - Shot by Jason Dickinson.
15:16 of 1st period - Shot Misses the Net.
15:18 of 1st period - Shot by Gabriel Carlsson.
15:18 of 1st period - Deflect By Wyatt Johnston.
15:18 of 1st period - Shot Blocked by Marcus Foligno.
15:20 of 1st period - Shot by Jason Dickinson.
15:20 of 1st period - Shot Misses the Net.
15:34 of 1st period - Shot by Wyatt Johnston.
15:34 of 1st period - Shot Blocked by Neal Pionk.
16:07 of 1st period - Icing by Josh Anderson.
16:08 of 1st period - Elias Pettersson wins face-off versus Yanni Gourde in Finger Badgers zone.
16:11 of 1st period - Shot by Chu Kock.
16:11 of 1st period - Shot Blocked by Henri Jokiharju.
16:47 of 1st period - Chu Kock is hit by Ryan Hartman.
17:01 of 1st period - Shot by Brayden McNabb.
17:01 of 1st period - Shot Blocked by Travis Dermott.
17:52 of 1st period - Shot by David Krejci.
17:52 of 1st period - Stopped by Tristan Jarry with a rebound.
17:54 of 1st period - Shot by Gabriel Carlsson.
17:54 of 1st period - Shot Misses the Net.
17:56 of 1st period - Shot by Tomas Tatar.
17:56 of 1st period - Stopped by Tristan Jarry without a rebound.
17:57 of 1st period - Ryan Johansen wins face-off versus Wyatt Johnston in Finger Badgers zone.
17:57 of 1st period - Ryan Johansen is hit by Kevin Labanc.
18:34 of 1st period - Icing by Brayden McNabb.
18:35 of 1st period - Ryan Johansen wins face-off versus Adam Lowry in Finger Badgers zone.
19:14 of 1st period - Shot by Tom Wilson.
19:14 of 1st period - Shot Blocked by Gabriel Carlsson.
19:16 of 1st period - Shot by Neal Pionk.
19:16 of 1st period - Deflect By Max Pacioretty.
19:16 of 1st period - Stopped by Jacob Markstrom without a rebound.
19:17 of 1st period - Pierre-Luc Dubois wins face-off versus Michael Rasmussen in Wuhan Clan zone.
19:19 of 1st period - Andrei Kuzmenko is hit by Connor Clifton and loses puck.
19:28 of 1st period - Shot by Anders Lee.
19:28 of 1st period - Shot Misses the Net.
19:30 of 1st period - Shot by Nicolas Hague.
19:30 of 1st period - Stopped by Jacob Markstrom without a rebound.
19:31 of 1st period - Yanni Gourde wins face-off versus Elias Pettersson in Wuhan Clan zone.
19:38 of 1st period - Shot by Yanni Gourde.
19:38 of 1st period - Stopped by Jacob Markstrom with a rebound.
19:40 of 1st period - Shot by Henri Jokiharju.
19:40 of 1st period - Shot Blocked by Aaron Ekblad.
19:42 of 1st period - Shot by Nicolas Hague.
19:42 of 1st period - Stopped by Jacob Markstrom with a rebound.
Goals for this period are 2 for Wuhan Clan vs 2 for Finger Badgers.
Shots for this period are 8 for Wuhan Clan vs 17 for Finger Badgers.

2nd period


0:01 of 2nd period - Adam Lowry wins face-off versus Pierre-Luc Dubois in neutral zone.
0:04 of 2nd period - Douche Larouche is hit by Adam Lowry and loses puck.
0:11 of 2nd period - Shot by Adam Lowry.
0:11 of 2nd period - Shot Misses the Net.
0:13 of 2nd period - Shot by Aaron Ekblad.
0:13 of 2nd period - Shot Misses the Net.
0:39 of 2nd period - Shot by David Krejci.
0:39 of 2nd period - Stopped by Tristan Jarry without a rebound.
0:40 of 2nd period - Elias Pettersson wins face-off versus Ryan Hartman in Finger Badgers zone.
0:49 of 2nd period - Shot by Trevor Zegras.
0:49 of 2nd period - Deflect By Elias Pettersson.
0:49 of 2nd period - Shot Misses the Net.
0:55 of 2nd period - Shot by Tom Wilson.
0:55 of 2nd period - Stopped by Jacob Markstrom without a rebound.
0:56 of 2nd period - Yanni Gourde wins face-off versus Wyatt Johnston in Wuhan Clan zone.
1:05 of 2nd period - Shot by Josh Anderson.
1:05 of 2nd period - Goal by Josh Anderson - Wuhan Clan : 2 - Finger Badgers : 3.
1:06 of 2nd period - Elias Pettersson wins face-off versus Ryan Hartman in neutral zone.
1:26 of 2nd period - Minor Penalty to Travis Dermott for Hooking.
1:27 of 2nd period - Pierre-Luc Dubois wins face-off versus Elias Pettersson in Wuhan Clan zone.
1:42 of 2nd period - Shot by Pierre-Luc Dubois.
1:42 of 2nd period - Shot Misses the Net.
1:44 of 2nd period - Shot by Brayden McNabb.
1:44 of 2nd period - Shot Misses the Net.
1:46 of 2nd period - Shot by Pierre-Luc Dubois.
1:46 of 2nd period - Shot Misses the Net.
1:48 of 2nd period - Shot by Douche Larouche.
1:48 of 2nd period - Shot Misses the Net.
2:12 of 2nd period - Shot by Dougie Hamilton.
2:12 of 2nd period - Stopped by Tristan Jarry without a rebound.
2:13 of 2nd period - Elias Pettersson wins face-off versus Ryan Hartman in Finger Badgers zone.
2:36 of 2nd period - Connor Clifton is hit by Ryan Hartman and loses puck.
3:27 of 2nd period - Icing by Douche Larouche.
3:28 of 2nd period - Wyatt Johnston wins face-off versus Ryan Johansen in Finger Badgers zone.
3:31 of 2nd period - Shot by Jason Dickinson.
3:31 of 2nd period - Shot Misses the Net.
4:40 of 2nd period - Shot by Trevor Zegras.
4:40 of 2nd period - Shot Blocked by Henri Jokiharju.
4:42 of 2nd period - Shot by Trevor Zegras.
4:42 of 2nd period - Shot Blocked by Nicolas Hague.
5:43 of 2nd period - Minor Penalty to Tom Wilson for Hooking.
5:44 of 2nd period - Pierre-Luc Dubois wins face-off versus Adam Lowry in Finger Badgers zone.
6:03 of 2nd period - Shot by Adam Lowry.
6:03 of 2nd period - Shot Misses the Net.
6:05 of 2nd period - Shot by Tomas Tatar.
6:05 of 2nd period - Shot Blocked by Brayden McNabb.
7:07 of 2nd period - Shot by Jason Dickinson.
7:07 of 2nd period - Stopped by Tristan Jarry without a rebound.
7:08 of 2nd period - Adam Lowry wins face-off versus Yanni Gourde in Finger Badgers zone.
7:32 of 2nd period - Shot by Dougie Hamilton.
7:32 of 2nd period - Shot Misses the Net.
7:34 of 2nd period - Shot by Adam Lowry.
7:34 of 2nd period - Shot Misses the Net.
7:36 of 2nd period - Shot by Dougie Hamilton.
7:36 of 2nd period - Shot Blocked by Henri Jokiharju.
7:55 of 2nd period - Icing by Henri Jokiharju.
7:56 of 2nd period - Elias Pettersson wins face-off versus Ryan Johansen in Finger Badgers zone.
8:11 of 2nd period - Shot by Trevor Zegras.
8:11 of 2nd period - Shot Misses the Net.
8:14 of 2nd period - Icing by Nicolas Hague.
8:15 of 2nd period - Ryan Johansen wins face-off versus Michael Rasmussen in Finger Badgers zone.
8:45 of 2nd period - Aaron Ekblad is hit by Pierre-Luc Dubois.
10:14 of 2nd period - Icing by Erik Johnson.
10:15 of 2nd period - Adam Lowry wins face-off versus Yanni Gourde in Finger Badgers zone.
10:53 of 2nd period - Shot by David Krejci.
10:53 of 2nd period - Shot Misses the Net.
11:05 of 2nd period - Shot by Kevin Labanc.
11:05 of 2nd period - Stopped by Tristan Jarry without a rebound.
11:06 of 2nd period - Pierre-Luc Dubois wins face-off versus Jason Dickinson in Finger Badgers zone.
11:06 of 2nd period - Pierre-Luc Dubois is hit by Jason Dickinson.
11:17 of 2nd period - Icing by Henri Jokiharju.
11:18 of 2nd period - Michael Rasmussen wins face-off versus Pierre-Luc Dubois in Finger Badgers zone.
11:35 of 2nd period - Shot by Anders Lee.
11:35 of 2nd period - Stopped by Jacob Markstrom without a rebound.
11:36 of 2nd period - Ryan Hartman wins face-off versus Wyatt Johnston in Wuhan Clan zone.
11:45 of 2nd period - Shot by Ryan Hartman.
11:45 of 2nd period - Shot Misses the Net.
11:47 of 2nd period - Shot by Max Pacioretty.
11:47 of 2nd period - Shot Misses the Net.
11:54 of 2nd period - Icing by Jason Dickinson.
11:55 of 2nd period - Pierre-Luc Dubois wins face-off versus Wyatt Johnston in Wuhan Clan zone.
12:23 of 2nd period - Icing by Erik Johnson.
12:24 of 2nd period - Adam Lowry wins face-off versus Pierre-Luc Dubois in Finger Badgers zone.
12:41 of 2nd period - Shot by Tomas Tatar.
12:41 of 2nd period - Stopped by Tristan Jarry without a rebound.
12:42 of 2nd period - Elias Pettersson wins face-off versus Ryan Hartman in Finger Badgers zone.
12:42 of 2nd period - Elias Pettersson is hit by Brayden McNabb.
13:17 of 2nd period - Shot by Ryan Hartman.
13:17 of 2nd period - Shot Misses the Net.
13:35 of 2nd period - Shot by Eeli Tolvanen.
13:35 of 2nd period - Shot Misses the Net.
13:56 of 2nd period - Off-side.
13:57 of 2nd period - Wyatt Johnston wins face-off versus Andrei Kuzmenko in neutral zone.
14:03 of 2nd period - Minor Penalty to Neal Pionk for Holding.
14:04 of 2nd period - Adam Lowry wins face-off versus Pierre-Luc Dubois in Finger Badgers zone.
14:25 of 2nd period - Shot by David Krejci.
14:25 of 2nd period - Deflect By Tomas Tatar.
14:25 of 2nd period - Shot Misses the Net.
14:27 of 2nd period - Shot by Tomas Tatar.
14:27 of 2nd period - Shot Misses the Net.
14:29 of 2nd period - Shot by Adam Lowry.
14:29 of 2nd period - Stopped by Tristan Jarry without a rebound.
14:30 of 2nd period - Adam Lowry wins face-off versus Yanni Gourde in Finger Badgers zone.
14:30 of 2nd period - Adam Lowry is hit by Erik Johnson.
14:32 of 2nd period - Shot by Aaron Ekblad.
14:32 of 2nd period - Shot Misses the Net.
14:34 of 2nd period - Shot by Adam Lowry.
14:34 of 2nd period - Shot Blocked by Yanni Gourde.
14:36 of 2nd period - Shot by Aaron Ekblad.
14:36 of 2nd period - Stopped by Tristan Jarry without a rebound.
14:37 of 2nd period - Elias Pettersson wins face-off versus Pierre-Luc Dubois in Finger Badgers zone.
14:51 of 2nd period - Trevor Zegras is hit by Brayden McNabb and loses puck.
15:33 of 2nd period - Douche Larouche is hit by Adam Lowry and loses puck.
15:46 of 2nd period - Shot by Adam Lowry.
15:46 of 2nd period - Stopped by Tristan Jarry with a rebound.
15:48 of 2nd period - Shot by Connor Clifton.
15:48 of 2nd period - The goal is going for a video replay.
15:48 of 2nd period - The goal is good.
15:48 of 2nd period - Goal by Connor Clifton - Wuhan Clan : 3 - Finger Badgers : 3.
15:49 of 2nd period - Ryan Hartman wins face-off versus Wyatt Johnston in neutral zone.
16:10 of 2nd period - Shot by Max Pacioretty.
16:10 of 2nd period - Shot Misses the Net.
16:16 of 2nd period - Shot by Kevin Labanc.
16:16 of 2nd period - Shot Misses the Net.
16:18 of 2nd period - Shot by Wyatt Johnston.
16:18 of 2nd period - Shot Misses the Net.
16:42 of 2nd period - Icing by Jesperi Kotkaniemi.
16:43 of 2nd period - Yanni Gourde wins face-off versus Michael Rasmussen in Wuhan Clan zone.
17:14 of 2nd period - Shot by Aaron Ekblad.
17:14 of 2nd period - Stopped by Tristan Jarry without a rebound.
17:15 of 2nd period - Anders Lee wins face-off versus Adam Lowry in Finger Badgers zone.
17:38 of 2nd period - Shot by Pierre-Luc Dubois.
17:38 of 2nd period - Shot Misses the Net.
18:35 of 2nd period - Shot by Chu Kock.
18:35 of 2nd period - Shot Misses the Net.
19:26 of 2nd period - Shot by Max Pacioretty.
19:26 of 2nd period - Stopped by Jacob Markstrom with a rebound.
19:58 of 2nd period - Shot by David Krejci.
19:58 of 2nd period - Shot Blocked by Erik Johnson.
Goals for this period are 1 for Wuhan Clan vs 1 for Finger Badgers.
Shots for this period are 10 for Wuhan Clan vs 4 for Finger Badgers.

3rd period


0:01 of 3rd period - Adam Lowry wins face-off versus Ryan Hartman in neutral zone.
0:12 of 3rd period - Shot by David Krejci.
0:12 of 3rd period - Shot Misses the Net.
0:16 of 3rd period - Shot by Adam Lowry.
0:16 of 3rd period - Stopped by Tristan Jarry without a rebound.
0:17 of 3rd period - Pierre-Luc Dubois wins face-off versus Elias Pettersson in Finger Badgers zone.
0:32 of 3rd period - Shot by Chu Kock.
0:32 of 3rd period - Stopped by Tristan Jarry without a rebound.
0:33 of 3rd period - Adam Lowry wins face-off versus Ryan Hartman in Finger Badgers zone.
0:44 of 3rd period - Shot by Tomas Tatar.
0:44 of 3rd period - Stopped by Tristan Jarry without a rebound.
0:45 of 3rd period - Elias Pettersson wins face-off versus Pierre-Luc Dubois in Finger Badgers zone.
0:46 of 3rd period - Shot by Trevor Zegras.
0:46 of 3rd period - Goal by Trevor Zegras - Wuhan Clan : 4 - Finger Badgers : 3.
0:47 of 3rd period - Pierre-Luc Dubois wins face-off versus Adam Lowry in neutral zone.
0:47 of 3rd period - Douche Larouche is hit by Adam Lowry and loses puck.
0:51 of 3rd period - Brayden McNabb is hit by Connor Clifton and loses puck.
1:18 of 3rd period - Andrei Kuzmenko is hit by Connor Clifton and loses puck.
1:21 of 3rd period - Shot by Anders Lee.
1:21 of 3rd period - Shot Blocked by Connor Clifton.
1:23 of 3rd period - Shot by Andrei Kuzmenko.
1:23 of 3rd period - Stopped by Jacob Markstrom without a rebound.
1:24 of 3rd period - Elias Pettersson wins face-off versus Ryan Hartman in Wuhan Clan zone.
1:24 of 3rd period - Elias Pettersson is hit by Tom Wilson.
1:35 of 3rd period - Icing by Erik Johnson.
1:36 of 3rd period - Ryan Hartman wins face-off versus Wyatt Johnston in Finger Badgers zone.
2:14 of 3rd period - Off-side.
2:15 of 3rd period - Pierre-Luc Dubois wins face-off versus Adam Lowry in neutral zone.
2:18 of 3rd period - Shot by Anders Lee.
2:18 of 3rd period - Stopped by Jacob Markstrom without a rebound.
2:19 of 3rd period - Adam Lowry wins face-off versus Pierre-Luc Dubois in Wuhan Clan zone.
2:19 of 3rd period - Adam Lowry is hit by Pierre-Luc Dubois.
2:25 of 3rd period - Shot by Adam Lowry.
2:25 of 3rd period - Deflect By Tomas Tatar.
2:25 of 3rd period - Shot Misses the Net.
2:45 of 3rd period - Shot by Anders Lee.
2:45 of 3rd period - Shot Blocked by Aaron Ekblad.
2:47 of 3rd period - Shot by Andrei Kuzmenko.
2:47 of 3rd period - Shot Misses the Net.
2:49 of 3rd period - Shot by Douche Larouche.
2:49 of 3rd period - Shot Misses the Net.
2:57 of 3rd period - Shot by Pierre-Luc Dubois.
2:57 of 3rd period - Stopped by Jacob Markstrom without a rebound.
2:58 of 3rd period - Elias Pettersson wins face-off versus Yanni Gourde in Wuhan Clan zone.
4:20 of 3rd period - Ryan Hartman is hit by Jacob Larsson and loses puck.
4:53 of 3rd period - Brayden McNabb is hit by Gabriel Carlsson and loses puck.
5:21 of 3rd period - Icing by David Krejci.
5:22 of 3rd period - Ryan Johansen wins face-off versus Adam Lowry in Wuhan Clan zone.
5:27 of 3rd period - Shot by Marcus Foligno.
5:27 of 3rd period - Stopped by Jacob Markstrom without a rebound.
5:28 of 3rd period - Adam Lowry wins face-off versus Yanni Gourde in Wuhan Clan zone.
5:36 of 3rd period - David Krejci is hit by Neal Pionk and loses puck.
5:48 of 3rd period - Tomas Tatar is hit by Neal Pionk and loses puck.
5:52 of 3rd period - Icing by Erik Johnson.
5:53 of 3rd period - Josh Anderson wins face-off versus Elias Pettersson in Finger Badgers zone.
6:07 of 3rd period - Shot by Elias Pettersson.
6:07 of 3rd period - Stopped by Tristan Jarry with a rebound.
6:09 of 3rd period - Shot by Chu Kock.
6:09 of 3rd period - Stopped by Tristan Jarry without a rebound.
6:10 of 3rd period - Michael Rasmussen wins face-off versus Ryan Hartman in Finger Badgers zone.
6:11 of 3rd period - Shot by Jesperi Kotkaniemi.
6:11 of 3rd period - Shot Misses the Net.
6:13 of 3rd period - Shot by Jesperi Kotkaniemi.
6:13 of 3rd period - Stopped by Tristan Jarry without a rebound.
6:14 of 3rd period - Max Pacioretty wins face-off versus Adam Lowry in Finger Badgers zone.
6:34 of 3rd period - Shot by Adam Lowry.
6:34 of 3rd period - Shot Misses the Net.
6:36 of 3rd period - Shot by Connor Clifton.
6:36 of 3rd period - Stopped by Tristan Jarry without a rebound.
6:37 of 3rd period - Elias Pettersson wins face-off versus Pierre-Luc Dubois in Finger Badgers zone.
6:37 of 3rd period - Chu Kock is hit by Neal Pionk and loses puck.
6:43 of 3rd period - Elias Pettersson is hit by Neal Pionk and loses puck.
6:51 of 3rd period - Elias Pettersson is hit by Neal Pionk and loses puck.
6:57 of 3rd period - Minor Penalty to Neal Pionk for Hooking.
6:58 of 3rd period - Pierre-Luc Dubois wins face-off versus Adam Lowry in Finger Badgers zone.
7:19 of 3rd period - Shot by Aaron Ekblad.
7:19 of 3rd period - Shot Misses the Net.
7:21 of 3rd period - Shot by Adam Lowry.
7:21 of 3rd period - Goal by Adam Lowry - Wuhan Clan : 5 - Finger Badgers : 3.
7:22 of 3rd period - Pierre-Luc Dubois wins face-off versus Elias Pettersson in neutral zone.
7:49 of 3rd period - Shot by Elias Pettersson.
7:49 of 3rd period - Shot Misses the Net.
7:51 of 3rd period - Shot by Chu Kock.
7:51 of 3rd period - Shot Blocked by Neal Pionk.
7:53 of 3rd period - Shot by Travis Dermott.
7:53 of 3rd period - Stopped by Tristan Jarry with a rebound.
7:55 of 3rd period - Shot by Travis Dermott.
7:55 of 3rd period - Stopped by Tristan Jarry without a rebound.
7:56 of 3rd period - Ryan Hartman wins face-off versus Adam Lowry in Finger Badgers zone.
8:01 of 3rd period - Aaron Ekblad is hit by Tom Wilson and loses puck.
8:22 of 3rd period - Shot by David Krejci.
8:22 of 3rd period - Stopped by Tristan Jarry without a rebound.
8:23 of 3rd period - Eeli Tolvanen wins face-off versus Michael Rasmussen in Finger Badgers zone.
8:39 of 3rd period - Off-side.
8:40 of 3rd period - Elias Pettersson wins face-off versus Pierre-Luc Dubois in neutral zone.
8:52 of 3rd period - Shot by Elias Pettersson.
8:52 of 3rd period - Stopped by Tristan Jarry with a rebound.
8:54 of 3rd period - Shot by Elias Pettersson.
8:54 of 3rd period - Stopped by Tristan Jarry without a rebound.
8:55 of 3rd period - Adam Lowry wins face-off versus Ryan Hartman in Finger Badgers zone.
8:59 of 3rd period - Icing by Nicolas Hague.
9:00 of 3rd period - Adam Lowry wins face-off versus Ryan Hartman in Finger Badgers zone.
9:03 of 3rd period - Shot by David Krejci.
9:03 of 3rd period - Shot Misses the Net.
9:17 of 3rd period - Connor Clifton is hit by Tom Wilson and loses puck.
9:26 of 3rd period - Shot by Adam Lowry.
9:26 of 3rd period - Shot Misses the Net.
9:33 of 3rd period - Icing by Nicolas Hague.
9:34 of 3rd period - Elias Pettersson wins face-off versus Ryan Hartman in Finger Badgers zone.
9:43 of 3rd period - Shot by Elias Pettersson.
9:43 of 3rd period - Stopped by Tristan Jarry without a rebound.
9:44 of 3rd period - Anders Lee wins face-off versus Wyatt Johnston in Finger Badgers zone.
9:58 of 3rd period - Icing by Jacob Larsson.
9:59 of 3rd period - Yanni Gourde wins face-off versus Wyatt Johnston in Wuhan Clan zone.
9:59 of 3rd period - Douche Larouche is hit by Jacob Larsson and loses puck.
10:21 of 3rd period - Minor Penalty to Brayden McNabb for Unsportsmanlike conduct.
10:22 of 3rd period - Elias Pettersson wins face-off versus Pierre-Luc Dubois in Finger Badgers zone.
10:23 of 3rd period - Shot by Trevor Zegras.
10:23 of 3rd period - Stopped by Tristan Jarry without a rebound.
10:24 of 3rd period - Elias Pettersson wins face-off versus Pierre-Luc Dubois in Finger Badgers zone.
10:59 of 3rd period - Shot by Elias Pettersson.
10:59 of 3rd period - Shot Misses the Net.
11:01 of 3rd period - Shot by Trevor Zegras.
11:01 of 3rd period - Shot Misses the Net.
11:03 of 3rd period - Shot by Chu Kock.
11:03 of 3rd period - Shot Misses the Net.
11:35 of 3rd period - Shot by Dougie Hamilton.
11:35 of 3rd period - Shot Blocked by Neal Pionk.
11:49 of 3rd period - Shot by Dougie Hamilton.
11:49 of 3rd period - Goal by Dougie Hamilton - Wuhan Clan : 6 - Finger Badgers : 3.
11:50 of 3rd period - Michael Rasmussen wins face-off versus Ryan Johansen in neutral zone.
12:25 of 3rd period - Icing by Nicolas Hague.
12:26 of 3rd period - Elias Pettersson wins face-off versus Ryan Johansen in Finger Badgers zone.
12:35 of 3rd period - Elias Pettersson is hit by Marcus Foligno and loses puck.
14:02 of 3rd period - Shot by Anders Lee.
14:02 of 3rd period - Stopped by Jacob Markstrom with a rebound.
14:29 of 3rd period - Kevin Labanc is hit by Henri Jokiharju and loses puck.
14:57 of 3rd period - Shot by Eeli Tolvanen.
14:57 of 3rd period - Shot Misses the Net.
15:01 of 3rd period - Shot by Josh Anderson.
15:01 of 3rd period - Shot Misses the Net.
15:03 of 3rd period - Shot by Yanni Gourde.
15:03 of 3rd period - Shot Misses the Net.
15:18 of 3rd period - Off-side.
15:19 of 3rd period - Ryan Johansen wins face-off versus Michael Rasmussen in neutral zone.
15:31 of 3rd period - Off-side.
15:32 of 3rd period - Elias Pettersson wins face-off versus Ryan Johansen in neutral zone.
16:07 of 3rd period - Shot by Elias Pettersson.
16:07 of 3rd period - Deflect By Chu Kock.
16:07 of 3rd period - Stopped by Tristan Jarry without a rebound.
16:08 of 3rd period - Pierre-Luc Dubois wins face-off versus Adam Lowry in Finger Badgers zone.
16:26 of 3rd period - Shot by Anders Lee.
16:26 of 3rd period - Shot Misses the Net.
16:51 of 3rd period - Dougie Hamilton is hit by Douche Larouche and loses puck.
17:01 of 3rd period - Andrei Kuzmenko is hit by Jacob Larsson and loses puck.
17:10 of 3rd period - Shot by Wyatt Johnston.
17:10 of 3rd period - Shot Blocked by Brayden McNabb.
17:13 of 3rd period - Jason Dickinson is hit by Douche Larouche and loses puck.
17:41 of 3rd period - Icing by Douche Larouche.
17:42 of 3rd period - Pierre-Luc Dubois wins face-off versus Chu Kock in Finger Badgers zone.
18:08 of 3rd period - Shot by Elias Pettersson.
18:08 of 3rd period - Shot Misses the Net.
18:55 of 3rd period - Shot by Adam Lowry.
18:55 of 3rd period - Deflect By David Krejci.
18:55 of 3rd period - Stopped by Tristan Jarry without a rebound.
18:56 of 3rd period - Ryan Johansen wins face-off versus Michael Rasmussen in Finger Badgers zone.
19:17 of 3rd period - Blake Coleman is hit by Marcus Foligno and loses puck.
19:33 of 3rd period - Icing by Gabriel Carlsson.
19:34 of 3rd period - Yanni Gourde wins face-off versus Michael Rasmussen in Wuhan Clan zone.
19:37 of 3rd period - Shot by Josh Anderson.
19:37 of 3rd period - Shot Misses the Net.
19:45 of 3rd period - Shot by Yanni Gourde.
19:45 of 3rd period - Shot Blocked by Jacob Larsson.
Goals for this period are 3 for Wuhan Clan vs 0 for Finger Badgers.
Shots for this period are 19 for Wuhan Clan vs 5 for Finger Badgers.